 Dungeon Crawl Stone Soup version 0.30-a0-782-ge64f9170bb (webtiles) character file.

Game seed: 13991103621899868579

358282 Flugslaktarn the Rapturous (level 21, -34/184 HPs)
             Began as a Demonspawn Fighter on Mar 7, 2023.
             Was a Follower of Uskayaw.
             Killed from afar by a yellow draconian annihilator (49 damage)
             ... with a crystal spear
             ... on level 4 of the Depths.
             The game lasted 00:26:50 (31752 turns).

Flugslaktarn the Rapturous (Demonspawn Fighter)    Turns: 31752, Time: 00:26:51

Health: -34/184    AC: 25    Str: 26    XL:     21   Next: 8%
Magic:  36/36      EV: 15    Int:  8    God:    Uskayaw [*.....]
Gold:   4773       SH: 17    Dex: 18    Spells: 20/20 levels left

rFire   + + .      SeeInvis .    a - +8 war axe (heavy)
rCold   + . .      Faith    +    J - +2 kite shield {rN+}
rNeg    + . .      Spirit   .    Z - +0 gold dragon scales
rPois   +          Reflect  .    Y - +2 helmet
rElec   +          Harm     .    M - +2 cloak {Stlth+}
rCorr   .          Rampage  .    k - +0 pair of gloves
Will    +....                    U - +0 pair of boots "Yxkosoig" {rF+} Stlth
                                 H - amulet of faith
HPRegen 0.50/turn                v - +5 ring of evasion
MPRegen 0.25/turn                S - +5 ring of evasion

@: corroded
A: hooves 1, thin metallic scales 3, foul stench 3, powered by death 3,
augmentation 1, agile 1, shaggy fur 1
}: 3/15 runes: barnacled, silver, gossamer
a: Renounce Religion, Stomp


You were on level 4 of the Depths.
You worshipped Uskayaw.
Uskayaw was greatly pleased with you.
You visited 8 branches of the dungeon, and saw 40 of its levels.
You visited the Abyss 1 time.
You also visited: Bailey and Ice Cave.

You collected 7520 gold pieces.
You spent 2747 gold pieces at shops.

Inventory:

Hand Weapons
 a - a +8 heavy war axe (weapon)
Missiles
 W - 6 throwing nets (quivered)
Armour
 k - a +0 pair of gloves (worn)
   (You found it on level 4 of the Vaults)
 J - a +2 kite shield of positive energy (worn)
   (You took it off a gnoll sergeant on level 10 of the Dungeon)
 M - a +2 cloak of stealth (worn)
   (You found it in a bailey)
 R - a +0 tower shield of cold resistance
   (You found it in an ice cave)
 U - the +0 pair of boots "Yxkosoig" (worn) {rF+}
   (You found it on level 13 of the Dungeon)

   rF:        It protects you from fire.
 Y - a +2 helmet (worn)
   (You found it on level 1 of the Dungeon)
 Z - +0 gold dragon scales (worn)
   (You found it on level 5 of the Vaults)
Jewellery
 c - a ring of protection from cold
   (You found it in an ice cave)
 f - a ring of protection from fire
   (You found it on level 13 of the Dungeon)
 i - a ring of see invisible
   (You took it off a yaktaur on level 5 of the Vaults)
 o - a ring of poison resistance
   (You took it off a vault warden on level 5 of the Vaults)
 p - a +4 ring of protection
   (You found it on level 3 of the Lair of Beasts)
 v - a +5 ring of evasion (left hand)
   (You found it on level 5 of the Dungeon)
 A - an amulet of regeneration
   (You found it on level 5 of the Dungeon)
 H - an amulet of faith (around neck)
   (You found it on level 10 of the Dungeon)
 Q - the amulet of Ohiozent {Reflect Int+3 Dex+6 SH+5 SInv}
   (You took it off a vault warden on level 5 of the Vaults)

   [amulet of reflection]

   It reflects blocked missile attacks.
   Int:       It affects your intelligence (+3).
   Dex:       It affects your dexterity (+6).
   SInv:      It lets you see invisible.
   SH:        It affects your SH (+5).
 S - a +5 ring of evasion (right hand)
   (You found it on level 1 of the Lair of Beasts)
 T - a +6 ring of strength
   (You found it on level 3 of the Vaults)
 X - an amulet of magic regeneration
   (You took it off a yaktaur on level 5 of the Vaults)
Wands
 b - a wand of charming (48)
   (You found it on level 5 of the Dungeon)
 g - a wand of digging (3)
   (You found it on level 4 of the Spider Nest)
 m - a wand of mindburst (8)
   (You found it on level 3 of the Dungeon)
 B - a wand of iceblast (9)
   (You found it on level 2 of the Lair of Beasts)
 I - a wand of light (20)
   (You found it on level 7 of the Dungeon)
Scrolls
 e - a scroll of fog
 j - 2 scrolls of brand weapon
 l - 4 scrolls of magic mapping
 r - 12 scrolls of identify
 t - 12 scrolls of teleportation
 y - 4 scrolls of vulnerability
 z - 7 scrolls of blinking
 K - 7 scrolls of immolation
 P - 5 scrolls of fear
Potions
 d - 6 potions of might
 h - 9 potions of haste
 n - 3 potions of resistance
 q - 12 potions of curing
 s - 3 potions of attraction
 u - 6 potions of mutation
 w - 4 potions of heal wounds
 x - 14 potions of ambrosia
 D - 4 potions of flight
 E - 3 potions of magic
 G - 4 potions of cancellation
 N - 11 potions of lignification
 O - 2 potions of berserk rage {unknown}
 V - 6 potions of invisibility
Miscellaneous
 C - a tin of tremorstones (2/2)
   (You found it on level 4 of the Lair of Beasts)
 F - a condenser vane
   (You found it on level 2 of the Lair of Beasts)


   Skills:
 + Level 20.3 Fighting
 - Level 16.0 Axes
 + Level 17.0 Armour
 + Level 17.3 Shields
 + Level 22.6 Invocations
 - Level 7.0 Evocations


You had 20 spell levels left.
You didn't know any spells.
Your spell library was empty.

Dungeon Overview and Level Annotations

Branches:
Dungeon (15/15)            Temple (1/1) D:4            Lair (5/5) D:9
 Shoals (4/4) Lair:2       Spider (4/4) Lair:2        Slime (0/5) Lair:5
    Orc (2/2) D:11            Elf (0/3) Orc:2        Vaults (5/5) D:13
  Crypt (0/3) Vaults:3     Depths (4/4) D:15            Zot (0/5) Depths:4
 Bailey (visited)           IceCv (visited)

Altars:
Ashenzari
Cheibriados
Dithmenos
Fedhas
Hepliaklqana
Kikubaaqudgha
Makhleb
Nemelex Xobeh
Okawaru
Qazlal
Ru
Sif Muna
Trog
Uskayaw
Vehumet
Wu Jian
Xom
Yredelemnul
Jiyva

Shops:
D:7 (   D:12 [   Orc:2 (!*=   Vaults:1 *!   Vaults:3 *   Vaults:4 !([
Depths:1 ?:

Portals:
Hell: Depths:4
Pandemonium: Depths:3
Ziggurat: Depths:3

Annotations:
D:11 1 runed translucent door
Lair:5 1 runed translucent door
Spider:1 2 runed translucent doors


Innate Abilities, Weirdness & Mutations

You have large cloven feet.
You are completely covered in thin metallic scales. (AC +4, rElec)
You frequently emit foul miasma when damaged in melee.
You regenerate a lot of health from kills.
Your magical and physical power is slightly enhanced at high health.
You are agile. (Dex +4, Str/Int -1)
You are covered in fur. (AC +1)


Message History

You closely miss the white draconian stormcaller.
The white draconian stormcaller is heavily wounded.
You slash the yellow draconian annihilator!
The yellow draconian annihilator casts a spell.
The yellow draconian annihilator blinks!
The white draconian stormcaller completely misses you.
The yellow draconian annihilator spits acid at you.
The glob of acid hits you!! The acid corrodes you!
The white draconian stormcaller invokes the aid of Qazlal against you.
Qazlal smites you!
You chop the white draconian stormcaller into pieces!!!
The white draconian stormcaller is almost dead.
The yellow draconian annihilator points at you and mumbles some strange words.
The iron shot hits you!!!
* * * LOW HITPOINT WARNING * * *
The white draconian stormcaller hits you with a +0 long sword!
* * * LOW HITPOINT WARNING * * *
Uskayaw will force your foes to helplessly watch your dance.
Uskayaw prepares the audience for your solo!
You are too injured to fight recklessly!
You are too injured to fight recklessly!
Unknown command.
The helpless white draconian stormcaller fails to defend itself.
You slice the white draconian stormcaller like a ripe choko!!!
You kill the white draconian stormcaller!
Your Armour skill increases to level 17!
Unknown command.
You feel much better.
The yellow draconian annihilator is no longer paralysed.
The yellow draconian annihilator gestures at you while chanting.
The poison arrow hits you!!
You are poisoned.
You partially resist.
* * * LOW HITPOINT WARNING * * *
Okay, then.
As you read the scroll of fog, it crumbles to dust.
The scroll dissolves into smoke.
You feel very sick.
Unknown command.
You feel sick.
You feel sick.
You feel sick.
You can no longer pass through a line of other dancers.
You feel sick.
You feel much better.
You feel sick.
You feel sick.
You feel sick.
You hit the yellow draconian annihilator.
The yellow draconian annihilator is moderately wounded.
You feel sick.
The yellow draconian annihilator points at you and mumbles some strange words.
You block the poison arrow.
The yellow draconian annihilator spits acid at you.
The glob of acid hits you. The acid corrodes you!
You slash the yellow draconian annihilator!
The yellow draconian annihilator is heavily wounded.
You feel sick.
You are no longer poisoned.
The yellow draconian annihilator gestures at you while chanting.
The crystal spear hits you!!!
* * * LOW HITPOINT WARNING * * *
Okay, then.
You closely miss the yellow draconian annihilator.
The yellow draconian annihilator is heavily wounded.
You block the yellow draconian annihilator's attack.
Unknown command.
You closely miss the yellow draconian annihilator.
The yellow draconian annihilator is heavily wounded.
The yellow draconian annihilator completely misses you.
Unknown command.
You closely miss the yellow draconian annihilator.
The yellow draconian annihilator is heavily wounded.
The yellow draconian annihilator barely misses you.
Unknown command.
You hit the yellow draconian annihilator but do no damage.
The yellow draconian annihilator is heavily wounded.
The yellow draconian annihilator misses you.
Unknown command.
You barely miss the yellow draconian annihilator.
The yellow draconian annihilator is heavily wounded.
The yellow draconian annihilator closely misses you.
Unknown command.
You hit the yellow draconian annihilator but do no damage.
The yellow draconian annihilator is heavily wounded.
The yellow draconian annihilator spits acid at you.
The glob of acid hits you.
* * * LOW HITPOINT WARNING * * *
Unknown command.
You hit the yellow draconian annihilator.
The yellow draconian annihilator is heavily wounded.
The yellow draconian annihilator gestures at you while chanting.
The poison arrow hits you!!
You are poisoned.
You partially resist.
* * * LOW HITPOINT WARNING * * *
Unknown command.
You feel better.
The yellow draconian annihilator gestures at you while chanting.
The crystal spear hits you!!!
You die...

######..)..#
##......###).....
#.#[............#
#..#(..#####...#.
#..)####...####..
#.§.#....8....#..
##§§§#.8.....8.#..
#§q§##....#....##.
#@#§#d...#.#....
#.#§#D8.#.∩.#.8
#.#§#....#.#.
#.§§##....#.
##..q#.8....
#.§§#....8.
#.).####...
#..#...##+#
#.#........


You could see a yellow draconian annihilator.

Vanquished Creatures
  An ancient lich (Vaults:4)
  Mara (Vaults:3)
  3 golden dragons
  4 tentacled monstrosities (Vaults:5)
  3 liches
  A walking earthen tome (Depths:2)
  2 quicksilver dragons
  A titan (Vaults:5)
  6 sphinxes
  2 shadow dragons (Vaults:5)
  Polyphemus (Shoals:3)
  2 storm dragons (Vaults:5)
  A tentacled starspawn (Abyss:3)
  6 tengu reavers
  Kirke (Lair:4)
  3 fire giants
  A balrug (Depths:4)
  An iron dragon (Depths:4)
  5 frost giants
  An orc warlord (Vaults:1)
  A deep elf sorcerer (Vaults:5)
  6 emperor scorpions
  Aizul (Shoals:1)
  A ghost moth (Spider:3)
  A curse skull (Vaults:3)
  13 vault wardens
  A draconian stormcaller (Depths:4)
  8 ironbound preservers
  9 stone giants
  10 very ugly things
  A war gargoyle (Vaults:1)
  5 ironbound thunderhulks
  7 dire elephants
  A black draconian (Depths:4)
  3 spark wasps (Depths:4)
  2 white draconians (Depths:4)
  7 ettins
  A merfolk javelineer (Shoals:4)
  2 crystal guardians
  Josephine (Lair:5)
  Snorg (D:14)
  5 merfolk impalers
  A deep elf high priest (Vaults:5)
  3 fire dragons
  8 hydras
  2 ice dragons
  3 entropy weavers
  10 yaktaur captains
  Fannar (Lair:1)
  7 great orbs of eyes
  A rakshasa (D:13)
  31 vault guards
  Harold (Lair:2)
  4 catoblepae
  2 peacekeepers
  3 jorogumos (Spider:4)
  2 spriggan air magi
  8 ironbound frosthearts
  5 merfolk aquamancers
  A merfolk avatar (Shoals:3)
  5 ogre magi
  2 radroaches
  18 centaur warriors
  A boulder beetle (shapeshifter) (Depths:2)
  13 two-headed ogres
  An anaconda (shapeshifter) (Vaults:5)
  3 boulder beetles
  2 satyrs (Shoals:3)
  2 tengu warriors
  A vampire mage (Vaults:3)
  A deep troll shaman (Lair:5)
  7 death yaks
  A deep troll earth mage (Depths:4)
  2 spectral emperor scorpions (Spider:4)
  5 death scarabs (Spider:4)
  A shock serpent (shapeshifter) (Vaults:1)
  A sun demon (Depths:4)
  A skeletal warrior (D:15)
  2 wretched stars (Abyss:3)
  Amaemon (Lair:1)
  3 iron trolls (Depths:4)
  2 skysharks
  3 sea snakes (Shoals:4)
  A spatial maelstrom (Abyss:3)
  2 flayed ghosts
  9 orb spiders
  3 pharaoh ants (Spider:4)
  A deep troll (shapeshifter) (Vaults:5)
  26 deep trolls
  6 glowing orange brains
  4 lindwurms (Vaults:1)
  27 harpies
  14 ironbound convokers
  6 deep elf pyromancers
  8 phantasmal warriors
  A golden dragon skeleton (D:15)
  10 wizards
  A spectral wolf spider (Spider:4)
  2 steelbarb worms (Spider:4)
  3 necromancers
  5 orc knights
  2 broodmother zombies (Spider:4)
  A frost giant zombie (D:15)
  8 fauns
  10 wolf spiders
  9 cyclopes
  13 manticores
  9 elephants
  40 ugly things
  4 black mambas
  3 moths of wrath (Spider:4)
  An apocalypse crab (Abyss:3)
  A water nymph (shapeshifter) (Depths:2)
  11 cane toads
  6 merfolk sirens
  An orange demon (Lair:1)
  A torpor snail (shapeshifter) (Vaults:5)
  2 torpor snails (Spider:1)
  Maurice (D:9)
  3 water nymphs
  An ice statue (IceCv)
  15 vault sentinels
  2 smoke demons
  4 demonic crawlers
  3 rime drakes
  Maggie (D:9)
  2 spriggan zombies (D:15)
  3 unseen horrors
  A spectral redback (Spider:4)
  A redback zombie (Spider:4)
  A centaur skeleton (Abyss:3)
  2 ice devils (Lair:4)
  A kobold demonologist (D:13)
  30 yaktaurs
  2 tengu conjurers (Depths:1)
  3 freezing wraiths
  A guardian mummy (D:15)
  5 komodo dragons
  15 trolls
  14 merfolk
  2 meliai
  A queen bee (D:9)
  2 spectral jumping spiders (Spider:4)
  A troll (shapeshifter) (D:13)
  3 spectral tarantellas (Spider:4)
  19 polar bears
  9 tarantellas
  4 wind drakes
  2 hornets (shapeshifter)
  12 blink frogs
  Prince Ribbit (D:9)
  2 tarantella zombies (Spider:4)
  A tarantella (shapeshifter) (D:14)
  3 jumping spider zombies (Spider:4)
  2 spectral culicivoras (Spider:4)
  13 dream sheep
  2 culicivora zombies (Spider:4)
  A snapping turtle (shapeshifter) (Vaults:5)
  5 snapping turtles
  14 jumping spiders
  29 slime creatures
  A centaur simulacrum (D:15)
  9 culicivoras
  5 flying skulls
  9 wraiths
  3 wyverns
  7 shadows
  54 yaks
  13 water elementals
  Grum (D:10)
  7 hogs (Lair:4)
  19 starcursed masses (Abyss:3)
  6 basilisks
  A chaos spawn (Abyss:3)
  29 redbacks
  4 steam dragons
  17 vampire mosquitoes
  3 wargs (D:9)
  4 acid dragons
  2 spatial vortices (Abyss:3)
  A large abomination (Abyss:3)
  13 water moccasins
  15 orc warriors
  A sky beast (D:6)
  Duvessa (D:6)
  2 ice beasts
  5 black bears
  18 ogres (Orc:2)
  A boggart (D:13)
  25 wolves
  3 centaurs
  2 phantoms
  2 kobold brigands (D:9)
  Blork the orc (D:4)
  10 bullfrogs
  6 scorpions
  2 gnoll sergeants (D:10)
  7 wights
  Dowan (D:6)
  A troll zombie (D:11)
  40 killer bees
  8 howler monkeys
  5 electric eels (D:11)
  4 jellies
  A gnoll bouda (Lair:5)
  13 orc priests
  6 hounds
  4 iguanas
  12 orc wizards
  5 ogre zombies (D:11)
  7 gnolls (D:10)
  4 adders
  A shadow imp (D:5)
  A white imp (Abyss:3)
  An ufetubus (Abyss:3)
  62 orcs
  5 bats
  12 endoplasms
  4 giant cockroaches
  14 goblins
  7 hobgoblins
  3 jackals (D:3)
  9 kobolds
  5 quokkas
  13 ball pythons
  A frilled lizard (D:3)
  2 goblin zombies (D:11)
  2 hobgoblin skeletons (D:11)
  2 hobgoblin zombies (D:11)
  5 orc skeletons (D:11)
  8 orc zombies (D:11)
  6 rats
  2 starspawn tentacles (Abyss:3)
1379 creatures vanquished.

Vanquished Creatures (others)
  A fire giant (Depths:1)
  A deep elf high priest (Vaults:5)
  A harpy (Vaults:1)
  An orc (D:4)
  13 fungi
  2 lurking horrors (Abyss:3)
  53 plants
  A starspawn tentacle (Abyss:3)
  A withered plant (D:15)
74 creatures vanquished.

Grand Total: 1453 creatures vanquished

Notes
Turn   | Place    | Note
-------+----------+-------------------------------------------
     0 | D:1      | Flugslaktarn the Demonspawn Fighter began the quest for the
                  | Orb.
     0 | D:1      | Reached XP level 1. HP: 18/18 MP: 1/1
   105 | D:1      | Gained mutation: You are partially covered in thin metallic
                  | scales. (AC +2) [demonic ancestry]
   105 | D:1      | Reached XP level 2. HP: 22/24 MP: 2/2
   503 | D:2      | Gained mutation: You are mostly covered in thin metallic
                  | scales. (AC +3) [demonic ancestry]
   503 | D:2      | Reached XP level 3. HP: 29/29 MP: 3/3
  1379 | D:3      | Found a faded altar of an unknown god.
  1384 | D:3      | Gained mutation: You regenerate a little health from kills.
                  | [demonic ancestry]
  1384 | D:3      | Reached XP level 4. HP: 34/35 MP: 4/4
  1506 | D:3      | Found a stormy altar of Qazlal.
  1508 | D:3      | Noticed an earth elemental
  1509 | D:3      | Noticed a fire elemental
  1509 | D:3      | Noticed an air elemental
  1509 | D:3      | Noticed a water elemental
  2084 | D:4      | Noticed a scorpion
  2094 | D:4      | Killed a scorpion
  2095 | D:4      | Reached skill level 1 in Evocations
  2095 | D:4      | Reached XP level 5. HP: 37/42 MP: 5/5
  2182 | D:4      | Noticed Blork the orc
  2191 | D:4      | Killed Blork the orc
  2286 | D:4      | Reached XP level 6. HP: 19/48 MP: 6/6
  2671 | D:4      | Found a staircase to the Ecumenical Temple.
  2678 | Temple   | Entered the Ecumenical Temple
  2730 | Temple   | Became a worshipper of Uskayaw the Reveller
  2940 | D:4      | Reached * piety under Uskayaw
  3034 | D:5      | Entered Level 5 of the Dungeon
  3088 | D:5      | Noticed an ice beast
  3092 | D:5      | Reached ** piety under Uskayaw
  3094 | D:5      | Reached *** piety under Uskayaw
  3098 | D:5      | Killed an ice beast
  3098 | D:5      | Reached **** piety under Uskayaw
  3099 | D:5      | Reached skill level 1 in Invocations
  3316 | D:5      | Gained mutation: You may rarely emit foul miasma when
                  | damaged in melee. [demonic ancestry]
  3316 | D:5      | Reached XP level 7. HP: 9/55 MP: 8/8
  3317 | D:5      | HP: 4/82 [orc/+2 trident of flaming (2)]
  3555 | D:5      | Reached skill level 2 in Invocations
  3735 | D:5      | Reached skill level 5 in Axes
  4391 | D:6      | Noticed Duvessa
  4391 | D:6      | Noticed Dowan
  4413 | D:5      | Reached skill level 5 in Fighting
  4413 | D:5      | Reached skill level 3 in Invocations
  4446 | D:6      | Killed Duvessa
  4447 | D:6      | Gained mutation: You sometimes emit foul miasma when
                  | damaged in melee. [demonic ancestry]
  4447 | D:6      | Reached XP level 8. HP: 49/62 MP: 10/10
  4455 | D:6      | Killed Dowan
  4574 | D:6      | Reached skill level 4 in Invocations
  4582 | D:6      | Reached skill level 5 in Armour
  4592 | D:5      | Reached skill level 5 in Invocations
  4592 | D:5      | Gained mutation: You have large cloven feet. [demonic
                  | ancestry]
  4592 | D:5      | Reached XP level 9. HP: 33/69 MP: 12/12
  4594 | D:6      | Reached ***** piety under Uskayaw
  5029 | D:7      | Noticed a cyclops
  5030 | D:7      | Found Teaciepp's Weapon Boutique.
  5037 | D:7      | Reached skill level 6 in Invocations
  5042 | D:7      | Killed a cyclops
  5201 | D:7      | Reached skill level 7 in Invocations
  5201 | D:7      | Gained mutation: You regenerate health from kills. [demonic
                  | ancestry]
  5201 | D:7      | Reached XP level 10. HP: 33/79 MP: 15/15
  5319 | D:7      | Found a sacrificial altar of Ru.
  5319 | D:7      | Found a basalt altar of Yredelemnul.
  5323 | D:7      | Found a snail-covered altar of Cheibriados.
  5324 | D:7      | Found an ornate altar of the Wu Jian Council.
  5325 | D:7      | Found a shimmering altar of Xom.
  5707 | D:7      | Found a broken altar of Ashenzari.
  6622 | D:9      | Found a flagged portal.
  6656 | Bailey   | Entered a bailey
  6762 | Bailey   | Noticed an orc knight
  6780 | Bailey   | Reached skill level 8 in Invocations
  6784 | Bailey   | Killed an orc knight
  7158 | D:9      | Noticed Maurice
  7172 | D:9      | Killed Maurice
  7248 | D:9      | Reached XP level 11. HP: 86/86 MP: 17/17
  7258 | D:9      | Reached skill level 10 in Axes
  7258 | D:9      | Found a staircase to the Lair.
  7272 | D:9      | Noticed a two-headed ogre
  7279 | D:9      | Killed a two-headed ogre
  7280 | D:9      | Reached skill level 9 in Invocations
  7316 | D:9      | Noticed Prince Ribbit
  7323 | D:9      | Killed Prince Ribbit
  7368 | D:9      | Reached ****** piety under Uskayaw
  7461 | D:9      | Noticed a two-headed ogre
  7473 | D:9      | Killed a two-headed ogre
  7570 | D:9      | Noticed Maggie
  7582 | D:9      | Killed Maggie
  7813 | D:10     | Entered Level 10 of the Dungeon
  7999 | D:10     | Noticed a two-headed ogre
  8009 | D:10     | Killed a two-headed ogre
  8010 | D:10     | Reached skill level 10 in Invocations
  8231 | D:10     | Noticed Grum
  8241 | D:10     | Killed Grum
  8257 | D:10     | Found a burning altar of Makhleb.
  8443 | D:10     | Noticed a deep elf pyromancer
  8466 | D:10     | Killed a deep elf pyromancer
  8495 | D:10     | Gained mutation: You have a somewhat thin skeletal
                  | structure. (Dex +2, Stealth+) [potion of mutation]
  8495 | D:10     | Gained mutation: You have very sharp teeth. [potion of
                  | mutation]
  8658 | D:10     | Found the +5 robe of Night {Dark Will+ SInv}
  9046 | D:11     | Found a staircase to the Orcish Mines.
  9124 | D:11     | Reached XP level 12. HP: 95/95 MP: 19/19
  9125 | D:11     | Found a runed translucent door.
  9336 | D:11     | Noticed a two-headed ogre
  9345 | D:11     | Killed a two-headed ogre
  9736 | D:11     | Found an ancient bone altar of Kikubaaqudgha.
  9926 | D:11     | Identified a scroll of acquirement
  9926 | D:11     | Acquired a manual of Shields
 10001 | Lair:1   | Entered Level 1 of the Lair of Beasts
 10156 | Lair:1   | Noticed Fannar
 10156 | Lair:1   | Noticed Amaemon
 10169 | Lair:1   | Killed Amaemon
 10169 | Lair:1   | Killed Fannar
 10170 | Lair:1   | Reached skill level 11 in Invocations
 10528 | Lair:1   | Reached skill level 5 in Shields
 10856 | Lair:2   | Noticed a catoblepas
 10882 | Lair:2   | Killed a catoblepas
 10885 | Lair:2   | Reached skill level 10 in Fighting
 10976 | Lair:2   | Noticed Harold
 10985 | Lair:2   | Killed Harold
 11010 | Lair:2   | Found a hole to the Spider Nest.
 11058 | Lair:2   | Found a staircase to the Shoals.
 11702 | Lair:3   | Noticed an eight-headed hydra
 11711 | Lair:3   | Killed a 12-headed hydra
 11809 | Lair:3   | Gained mutation: You are completely covered in thin
                  | metallic scales. (AC +4, rElec) [demonic ancestry]
 11809 | Lair:3   | Reached XP level 13. HP: 103/103 MP: 21/21
 11821 | Lair:3   | Reached skill level 12 in Invocations
 12524 | Lair:4   | Acquired a manual of Fighting
 12574 | Lair:4   | Identified the amulet "Wutiros" {rElec Regen+}
 12689 | Lair:4   | Found a frozen archway.
 12706 | IceCv    | Entered an ice cave
 12915 | IceCv    | Reached skill level 10 in Armour
 13165 | IceCv    | Reached skill level 13 in Invocations
 13454 | Lair:4   | Reached XP level 14. HP: 102/114 MP: 23/23
 13689 | Lair:4   | Noticed Kirke
 13704 | Lair:4   | Noticed a sphinx
 13780 | Lair:4   | Killed Kirke
 13951 | Lair:5   | Entered Level 5 of the Lair of Beasts
 13993 | Lair:5   | Found a shimmering altar of Xom.
 14044 | Lair:5   | Noticed Josephine
 14053 | Lair:5   | Killed Josephine
 14541 | Lair:5   | Found a runed translucent door.
 14541 | Lair:5   | Found a viscous altar of Jiyva.
 14624 | Lair:5   | Found a staircase to the Slime Pits.
 15701 | D:12     | Identified the +9 morningstar of the Imperium {freeze,
                  | Dex+5}
 15772 | D:12     | Found Rasmiwis's Armour Boutique.
 15780 | D:12     | Reached skill level 10 in Shields
 15780 | D:12     | Reached skill level 14 in Invocations
 16735 | D:13     | Reached skill level 15 in Axes
 16754 | D:13     | Noticed a sphinx
 16759 | D:13     | Paralysed by a sphinx for 2 turns
 16764 | D:13     | Killed a sphinx
 16765 | D:13     | Reached XP level 15. HP: 95/124 MP: 25/25
 16912 | D:13     | Identified the +0 pair of boots "Yxkosoig" {rF+}
 16943 | D:13     | Noticed a fire giant
 16951 | D:13     | Killed a fire giant
 17346 | Abyss:3  | Cast into level 3 of the Abyss (a wizard)
 17355 | Abyss:3  | Found a corrupted altar of Lugonu.
 17412 | Abyss:3  | Lost mutation: You have a somewhat thin skeletal structure.
                  | (Dex +2, Stealth+) [a shining eye]
 17413 | Abyss:3  | Gained mutation: Your body sometimes deteriorates upon
                  | taking damage. [a shining eye]
 17446 | Abyss:3  | Noticed a tentacled starspawn
 17453 | Abyss:3  | Killed a tentacled starspawn
 17506 | Abyss:3  | Noticed a tentacled starspawn
 17554 | Abyss:3  | Noticed a lich
 17572 | Abyss:3  | Killed a lich
 17573 | Abyss:3  | Reached skill level 15 in Invocations
 17615 | D:13     | Escaped the Abyss
 17627 | D:13     | Found a gate to the Vaults.
 17976 | D:14     | Noticed Snorg
 17988 | D:14     | Killed Snorg
 18605 | D:15     | Entered Level 15 of the Dungeon
 18638 | D:15     | Found a staircase to the Depths.
 18693 | D:15     | Reached skill level 15 in Fighting
 18952 | D:15     | Reached XP level 16. HP: 111/136 MP: 27/27
 19354 | Orc:1    | Entered Level 1 of the Orcish Mines
 19505 | Orc:2    | Entered Level 2 of the Orcish Mines
 19506 | Orc:2    | Found Reas's General Store.
 19507 | Orc:2    | Found Vaegumneew's Antique Weapon Boutique.
 19508 | Orc:2    | Found Beef's Jewellery Shop.
 19519 | Orc:2    | Reached skill level 16 in Invocations
 19526 | Orc:2    | Found Loag's Distillery.
 19528 | Orc:2    | Bought a scroll of blinking for 97 gold pieces
 19562 | Orc:2    | Bought a potion of haste for 170 gold pieces
 19562 | Orc:2    | Bought a potion of haste for 170 gold pieces
 19562 | Orc:2    | Bought a potion of haste for 170 gold pieces
 19562 | Orc:2    | Bought a potion of resistance for 170 gold pieces
 19562 | Orc:2    | Bought 2 potions of invisibility for 272 gold pieces
 19586 | Orc:2    | Lost mutation: Your body sometimes deteriorates upon taking
                  | damage. [potion of mutation]
 19586 | Orc:2    | Lost mutation: You have very sharp teeth. [potion of
                  | mutation]
 19586 | Orc:2    | Gained mutation: You are covered in fur. (AC +1) [potion of
                  | mutation]
 19710 | Orc:2    | Found a staircase to the Elven Halls.
 20401 | Shoals:1 | Entered Level 1 of the Shoals
 20445 | Shoals:1 | Noticed Aizul
 20458 | Shoals:1 | Killed Aizul
 21936 | Shoals:3 | Noticed Polyphemus
 21947 | Shoals:3 | Killed Polyphemus
 22162 | Shoals:3 | Reached skill level 17 in Invocations
 22350 | Shoals:3 | Reached skill level 5 in Evocations
 22527 | Shoals:4 | Entered Level 4 of the Shoals
 22654 | Shoals:4 | Reached XP level 17. HP: 90/146 MP: 29/29
 22670 | Shoals:4 | Got a barnacled rune of Zot
 22871 | Spider:1 | Entered Level 1 of the Spider Nest
 23131 | Spider:1 | Found a runed translucent gate.
 23131 | Spider:1 | Found a runed translucent gate.
 23132 | Spider:1 | Acquired 720 gold pieces
 23205 | Spider:4 | Entered Level 4 of the Spider Nest
 23525 | Spider:4 | Gained mutation: Potions are less effective at restoring
                  | your health. [mutagenic glow]
 23632 | Spider:4 | Lost mutation: You are covered in fur. (AC +1) [potion of
                  | mutation]
 23632 | Spider:4 | Lost mutation: Potions are less effective at restoring your
                  | health. [potion of mutation]
 23632 | Spider:4 | Gained mutation: Armour fits poorly on your strangely
                  | shaped body. [potion of mutation]
 23632 | Spider:4 | Gained mutation: You are covered in fur. (AC +1) [potion of
                  | mutation]
 23632 | Spider:4 | Gained mutation: You are frail. (-10% HP) [potion of
                  | mutation]
 23632 | Spider:4 | Gained mutation: You are strong-willed. (Will+) [potion of
                  | mutation]
 23633 | Spider:4 | Lost mutation: Armour fits poorly on your strangely shaped
                  | body. [potion of mutation]
 23633 | Spider:4 | Lost mutation: You are frail. (-10% HP) [potion of
                  | mutation]
 23633 | Spider:4 | Lost mutation: You are strong-willed. (Will+) [potion of
                  | mutation]
 23633 | Spider:4 | Gained mutation: You are agile. (Dex +4, Str/Int -1)
                  | [potion of mutation]
 24004 | Spider:4 | Reached skill level 18 in Invocations
 24707 | Spider:4 | Identified the -1 pair of boots of the Butterfly {Str+3}
 24730 | Spider:4 | Got a gossamer rune of Zot
 25041 | Vaults:1 | Entered Level 1 of the Vaults
 25059 | Vaults:1 | Gained mutation: You frequently emit foul miasma when
                  | damaged in melee. [demonic ancestry]
 25059 | Vaults:1 | Reached XP level 18. HP: 153/155 MP: 31/31
 25238 | Vaults:1 | Found Feqoacum's Distillery.
 25245 | Vaults:1 | Bought a potion of mutation for 128 gold pieces
 25477 | Vaults:1 | Found Pakkiz's General Store.
 25644 | Vaults:1 | Reached skill level 19 in Invocations
 25927 | Vaults:1 | Reached skill level 15 in Shields
 26325 | Vaults:2 | Identified the +0 robe "Kiys" {Str-5 Dex+3}
 26441 | Vaults:3 | Noticed Mara
 26450 | Vaults:3 | Gained mutation: Your magical and physical power is
                  | slightly enhanced at high health. [demonic ancestry]
 26450 | Vaults:3 | Reached XP level 19. HP: 67/164 MP: 23/32
 26455 | Vaults:3 | Killed Mara
 26456 | Vaults:3 | Reached skill level 15 in Armour
 26456 | Vaults:3 | Reached skill level 20 in Invocations
 26659 | Vaults:3 | Found Udejud's Assorted Antiques.
 26762 | Vaults:3 | Found a staircase to the Crypt.
 27822 | Vaults:4 | Found Togge's Antique Armour Shoppe.
 27848 | Vaults:4 | Bought a masterwork plate armour for 784 gold pieces
 27848 | Vaults:4 | Identified the +1 plate armour of the Moon {rF- Int+3 SInv
                  | Stlth+} (You bought it in a shop on level 4 of the Vaults)
 28109 | Vaults:4 | Noticed an ancient lich
 28119 | Vaults:4 | Killed an ancient lich
 28127 | Vaults:4 | Found Qotalil's Antique Weapon Shoppe.
 28294 | Vaults:4 | Found Poniduuw's Distillery.
 28297 | Vaults:4 | Bought a potion of heal wounds for 50 gold pieces
 28965 | Vaults:5 | Entered Level 5 of the Vaults
 28972 | Vaults:5 | Reached skill level 21 in Invocations
 28988 | Vaults:5 | Reached XP level 20. HP: 143/174 MP: 26/34
 28992 | Vaults:5 | Noticed a golden dragon
 28998 | Vaults:5 | Killed a golden dragon
 29091 | Vaults:5 | Identified the amulet of Ohiozent {Reflect Int+3 Dex+6 SH+5
                  | SInv}
 29340 | Vaults:5 | Identified the +2 whip of the Girdle {spect, rElec rF+ rN+
                  | Dex-4}
 29414 | Vaults:5 | Identified the +3 plate armour of the End {*Corrode rElec
                  | Slay-6 Stlth+}
 29446 | Vaults:5 | Paralysed by a sphinx for 2 turns
 29817 | Vaults:5 | Noticed a golden dragon
 29831 | Vaults:5 | Killed a golden dragon
 29931 | Vaults:5 | Got a silver rune of Zot
 30198 | Depths:1 | Entered Level 1 of the Depths
 30198 | Depths:1 | Found Totavvau's Book Boutique.
 30227 | Depths:1 | Reached skill level 22 in Invocations
 30665 | Depths:1 | Found Tuun's Magic Scroll Boutique.
 30725 | Depths:1 | Bought a scroll of acquirement for 572 gold pieces
 30725 | Depths:1 | Bought a scroll of blinking for 82 gold pieces
 30725 | Depths:1 | Bought a scroll of enchant weapon for 82 gold pieces
 30734 | Depths:1 | Acquired 1150 gold pieces
 30948 | Depths:3 | Found a one-way gateway to a ziggurat.
 31031 | Depths:3 | Found a one-way gate leading to the halls of Pandemonium.
 31169 | Depths:4 | Entered Level 4 of the Depths
 31245 | Depths:4 | Found a gateway to Hell.
 31394 | Depths:4 | Gained mutation: You regenerate a lot of health from kills.
                  | [demonic ancestry]
 31394 | Depths:4 | Reached XP level 21. HP: 69/183 MP: 26/36
 31686 | Depths:4 | Found a gate to the Realm of Zot.
 31686 | Depths:4 | Noticed a golden dragon
 31696 | Depths:4 | Killed a golden dragon
 31751 | Depths:4 | HP: 7/184 [yellow draconian annihilator/poison arrow (20)]
 31752 | Depths:4 | Killed from afar by a yellow draconian annihilator

Illustrated notes

Levels and vault maps discovered:
D:1:      zelgadis_glass_arrival_small, layout_rooms
D:2:      layout_loops_ring
D:3:      layout_basic, nicolae_qazlal_style_of_elements,
          hellmonk_ecumenical_altar_dog_temple, dreamdust_princess_corridor,
          minmay_strange_pillars, kennysheep_path_1
D:4:      layout_loops_ring, minmay_temple_entry_proselytizer,
          nicolae_eternal_life, minmay_crystal_water, uniq_blork_the_orc
D:5:      layout_basic, corexii_corridor_pit
D:6:      layout_basic, minivault_22, minmay_statues_item,
          eino_small_chamber_without_monster, uniq_duvessa
D:7:      layout_loops_ring, evilmike_ruin_ashenzari, minitemple, serial_shops,
          nicolae_shop_bloodbath_and_beyond
D:8:      layout_loops_cross
D:9:      layout_roguey [special_room_bee], erik_lair_orcish_takeover,
          enter_bailey_5, blue_anna_alchemist, uniq_prince_ribbit1,
          uniq_maurice, uniq_maggie
D:10:     layout_irregular_city, mainiacjoe_overflow_chevrons,
          hellmonk_guarded_unrand_night, uniq_grum
D:11:     wad_lake_hut, layout_irregular_city, zombieorc1_lemuel,
          serial_column_ruins, column_ruins_hut, column_ruins_hut,
          column_ruins_grid_2, column_ruins_open_large, column_ruins_open_small,
          column_ruins_open_tiny, column_ruins_open_small_water,
          column_ruins_corridor_straight, column_ruins_columns_water,
          nicolae_danse_macabre
D:12:     layout_grid_maze, serial_shops, shop
D:13:     evilmike_diamond_1, layout_basic, david_vaults_4
D:14:     layout_basic, hangedman_decor_diamond_cutter, uniq_snorg
D:15:     gammafunk_depths_entry_grave, layout_basic, reono_crystal_passage,
          bh_walls_and_bars
Temple:   nicolae_temple_bog_church
Lair:1:   layout_misc_corridors, st_stairs_7, nicolae_quartered_pool_impasse,
          uniq_amaemon, uniq_fannar
Lair:2:   layout_hall_layers, elwin_shoals_entry_rocks, spider_nest_entry_a,
          grunt_megastairs_4, serial_bayou_shore_b, uniq_harold
Lair:3:   beast_lair_carwin_large_2, layout_regular_city, basic_altar,
          grunt_megastairs_3
Lair:4:   layout_gridlike, portal_ice_cave_demonic_guard, grunt_megastairs_2,
          uniq_kirke
Lair:5:   grunt_lair_end_beastmaster, layout_hall_layers, slime_entry_2,
          basic_altar, chequers_serial_rivers_room_a, dreamdust_gnoll_shepherd,
          grunt_megastairs_5, uniq_josephine
Shoals:1: layout_shoals, uniq_aizul
Shoals:2: layout_shoals
Shoals:3: layout_shoals, uniq_polyphemus
Shoals:4: shoals_end_grunt_ice, layout_shoals, nicolae_shoals_seven_spires
Spider:1: layout_spider_delve, gammafunk_ghost_necromancy,
          hellmonk_spider_spawner
Spider:2: layout_spider_delve, hangedman_spider_tarantella_strand
Spider:3: layout_spider_delve, gammafunk_ghost_mausoleum, special_room,
          uniq_louise
Spider:4: floodkiller_spider_rune_tomb, nicolae_spider_scorpion_nest
Orc:1:    layout_diamond_mine
Orc:2:    st_orc_open, layout_caves, david_defended_altar_orc
Vaults:1: nicolae_vaults_little_squares_3, nicolae_vaults_little_squares_2,
          v_rooms_1, hangedman_vaults_hard_town_square, vaults_room_fancy_cross,
          hangedman_vaults_stream, v_misc_13, vaults_dpeg_ring,
          vaults_room_pools, v_rooms_3, hangedman_vaults_locks,
          ontoclasm_vaults_decontamination, nicolae_vaults_rhombus_6,
          layout_vaults_omnibox, serial_shops, nicolae_shop_behind_doors,
          nicolae_shop_trees
Vaults:2: ontoclasm_vaults_ring_small, st_greater_box_3, v_alt_pattern_2,
          nicolae_vaults_border_crossing, vaults_dpeg_diagonal,
          hangedman_vaults_cutoff, vaults_dpeg_spiral, vaults_room_grid,
          nicolae_vaults_network_star, nicolae_vaults_rhombus_5,
          layout_vaults_maze_snakey, uniq_zenata
Vaults:3: v_misc_15, minmay_crypt_entry_simple_box, hangedman_vaults_pinch,
          ontoclasm_vaults_pinch, nicolae_vaults_big_ls,
          nicolae_vaults_rhombus_6, nicolae_vaults_asterisk,
          nicolae_vaults_alarming, vaults_room_fours,
          grunt_vaults_hallway_short, dpeg_vaults_monster_box,
          layout_vaults_omnigrid, serial_shops, nicolae_shop_overgrown_old_shop,
          uniq_mara
Vaults:4: nicolae_vaults_little_squares_4, hangedman_vaults_restitches,
          v_misc_11, nicolae_vaults_triangles, nicolae_vaults_shelves_hall,
          vaults_dpeg_hooks, nicolae_vaults_stairing_the_circle,
          vaults_room_hangedman_quadrants, nicolae_vaults_shelves_hall,
          nicolae_vaults_little_squares_1, ontoclasm_vaults_gateway,
          ontoclasm_vaults_idyll, layout_vaults_big_room, serial_shops, shop,
          nicolae_shop_behind_doors, nicolae_shop_competitors_out_of_business
Vaults:5: uniq_sojobo
Depths:1: layout_cave_pools, ploomutoo_gammafunk_ghost_potion_laboratory,
          serial_shops, nicolae_shop_trees, nicolae_shop_advertising_works
          [nicolae_subvault_shop_adworks], hell_entry, minmay_misc_feat_cross,
          okawaru_ov_weapons_minmay, serial_bayou_shore_a
Depths:2: gammafunk_its_a_trap, layout_cave_pools, rand_demon_pan_entry_1,
          lemuel_coloured_pillars_altar, serial_glass, glass_columns_a,
          glass_columns_b, hell_entry, st_stairs_5, uniq_bai_suzhen
Depths:3: cheibrodos_quadrivalence, layout_gridlike, enter_ziggurat_b,
          special_room [special_room_magic_class], hellmouth_1, abyss_entry,
          rand_demon_pan_entry_3, dk_noncrumbling_4, minmay_shop_grove
Depths:4: evilmike_zot_entry_round, layout_cross, nicolae_water_bricks,
          lightli_too_deep, hellmonk_ghost_happy_afterlife,
          hangedman_abyss_or_decor_stabs

Skill      XL: |  1  2  3  4  5  6  7  8  9 10 11 12 13 14 15 16 17 18 19 20 21 |
---------------+----------------------------------------------------------------+-----
Axes           | 2 3 4 5 6 8 9 11 12 13 15 16 | 16.0
Armour         | 3 4 5 6 7 8 9 10 11 13 14 15 16 17 | 17.0
Evocations     | 1 2 3 4 5 7 |  7.0
Fighting       | 4 5 6 7 8 9 10 11 13 15 16 17 18 19 20 | 20.3
Invocations    | 1 3 5 7 8 10 11 13 14 15 17 18 19 21 22 | 22.6
Shields        | 3 6 8 10 12 13 14 15 16 17 | 17.3

Action                     |  1- 3 |  4- 6 |  7- 9 | 10-12 | 13-15 | 16-18 | 19-21 || total
---------------------------+-------+-------+-------+-------+-------+-------+-------++-------
  Melee: War axe           |   131 |   146 |   212 |   663 |   764 |  1012 |   609 ||  3537
         Kick              |       |       |    26 |   120 |       |       |       ||   146
         Bite              |       |       |       |    44 |   119 |     8 |       ||   171
 Invoke: Stomp             |       |       |       |     2 |     1 |       |     4 ||     7
         Grand Finale      |       |       |       |       |     2 |     2 |     4 ||     8
  Evoke: Wand              |       |     3 |     3 |     3 |       |     3 |       ||    12
         Tin of tremorston |       |       |       |       |     2 |     2 |     2 ||     6
         Condenser vane    |       |       |       |       |       |     2 |       ||     2
         Piece from Xom's  |       |       |       |       |       |     1 |       ||     1
    Use: Potion            |     1 |     2 |       |     7 |     1 |     5 |     5 ||    21
         Scroll            |       |     3 |     3 |    20 |     8 |     4 |     4 ||    42
   Stab: Paralysed         |       |     1 |    14 |    53 |   127 |   152 |   124 ||   471
         Petrified         |       |       |       |     2 |       |     2 |       ||     4
         Held in net/web   |       |       |       |       |       |     1 |       ||     1
 Armour: Scale mail        |    80 |    19 |       |       |       |       |       ||    99
         Chain mail        |       |    78 |   120 |    99 |       |       |       ||   297
         Skin              |       |    13 |       |       |       |       |       ||    13
         Plate armour      |       |       |       |   371 |   458 |   555 |   187 ||  1571
         Gold dragon scale |       |       |       |       |       |       |   115 ||   115
  Dodge: Dodged            |    61 |    61 |   162 |   463 |   530 |   700 |   293 ||  2270
  Block: Buckler           |    30 |    38 |    51 |   110 |       |       |       ||   229
         Kite shield       |       |       |       |   146 |   672 |   945 |   495 ||  2258

Table legend: (Time is in decaauts)
 A = Elapsed time spent in this place.
 B = Non-inter-level travel time spent in this place.
 C = Inter-level travel time spent in this place.
 D = Time resting spent in this place.
 E = Time spent auto-exploring this place.
 F = Levels seen in this place.
 G = Mean time per level.
                   A        B        C        D        E       F      G
               +--------+--------+--------+--------+--------+-----+--------+
         Total |  32773 |  30497 |   2276 |   2698 |  19954 |  43 |  762.2 |
       Dungeon |  14507 |  13410 |   1097 |    908 |   9622 |  15 |  967.1 |
        Temple |     67 |     55 |     12 |      0 |     38 |   1 |   67.0 |
          Lair |   4749 |   4368 |    381 |    265 |   3129 |   5 |  949.8 |
        Shoals |   2717 |   2545 |    172 |    202 |   1586 |   4 |  679.2 |
   Spider Nest |   2056 |   1929 |    127 |    605 |    634 |   4 |  514.0 |
  Orcish Mines |    942 |    829 |    113 |      0 |    642 |   2 |  471.0 |
        Vaults |   5053 |   4711 |    342 |    450 |   3013 |   5 | 1010.6 |
        Depths |   1380 |   1349 |     31 |    203 |    679 |   4 |  345.0 |
         Abyss |    283 |    283 |      0 |     26 |     69 |   1 |  283.0 |
        Bailey |    388 |    388 |      0 |      0 |    189 |   1 |  388.0 |
      Ice Cave |    626 |    626 |      0 |     39 |    349 |   1 |  626.0 |
               +--------+--------+--------+--------+--------+-----+--------+

Top non-repeatable levels by time:
Spider:4: 1557 daAuts
Vaults:3: 1505 daAuts
     D:5: 1435 daAuts
    D:12: 1403 daAuts
    D:11: 1285 daAuts
    D:13: 1249 daAuts
Vaults:4: 1210 daAuts
Vaults:1: 1208 daAuts
    D:10: 1135 daAuts
  Lair:5: 1050 daAuts
Vaults:5: 1035 daAuts
  Lair:4: 986 daAuts
     D:7: 954 daAuts
    D:15: 953 daAuts
     D:9: 940 daAuts
